 Dungeon Crawl Stone Soup version 0.31-a0-185-g9dded2c639 (webtiles) character file.

Game seed: 2980486557297938758

102 qw the Shooter (level 4, 0/25 HPs)
             Began as a Deep Elf Hunter on June 22, 2023.
             Slain by an orc
             ... wielding a +0 dagger
              (3 damage)
             ... on level 3 of the Dungeon.
             The game lasted 00:00:36 (2221 turns).

qw the Shooter (Deep Elf Hunter)                    Turns: 2221, Time: 00:00:36

Health: 0/25       AC:  6    Str: 10    XL:     4   Next: 50%
Magic:  6/6        EV: 11    Int: 14    God:
Gold:   54         SH:  0    Dex: 18    Spells: 3/3 levels left

rFire   . . .        Y - +0 shortbow (elec)
rCold   . . .        (shield currently unavailable)
rNeg    . . .        h - +0 ring mail
rPois   .            (no helmet)
rElec   .            f - +0 cloak
rCorr   .            (no gloves)
SInv    .            (no boots)
Will    .....        (no amulet)
Stlth   +            (no ring)
HPRegen 0.24/turn    (no ring)
MPRegen 0.10/turn

%: no passive effects
@: no status effects
A: no striking features
a: no special abilities


You were on level 3 of the Dungeon.
You visited 1 branch of the dungeon, and saw 4 of its levels.

You collected 54 gold pieces.


   Skills:
 - Level 1.5 Fighting
 + Level 7.9 Ranged Weapons
 - Level 2.4 Dodging
 - Level 1.2 Stealth


You had 3 spell levels left.
You didn't know any spells.
Your spell library was empty.

Inventory:

Hand Weapons
 Y - a +0 shortbow of electrocution (weapon)
Armour
 f - a +0 cloak (worn)
 h - a +0 ring mail (worn)
Scrolls
 a - a scroll of identify
Potions
 b - a potion of cancellation {unknown}
 c - a potion of brilliance {unknown}
 e - 2 potions of curing
 g - a potion of heal wounds {unknown}

Dungeon Overview and Level Annotations

Branches:
Dungeon (4/15)
 Temple: D:4-7

Altars:
Dithmenos
Elyvilon
Hepliaklqana
Sif Muna
Xom
Zin


Message History

The lemure barely misses you. The orc hits you with a +0 dagger.
You shoot an arrow. The arrow hits the lemure.
The lemure is lightly wounded.
The lemure barely misses you. The orc closely misses you.
You shoot an arrow.
The arrow hits the lemure but does no damage.
Lightning courses through the lemure!
The lemure is heavily wounded.
The lemure hits you!
You hear some strange, mumbled words.
A puff of flame appears from out of thin air!
The puff of flame hits you. The orc closely misses you.
The lemure hits you but does no damage.
2218 ||| STAIRDANCE The lemure hits you but does no damage.
Something hits you. The orc hits you but does no damage.
The lemure hits you but does no damage.
You climb upwards.
Reactivating autopickup.
There is a stone staircase leading down here.
Enter note:
Enter note:
Enter note:
Enter note:
Enter note:
Enter note:
Enter note:
Enter note:
Enter note:
Enter note:
Enter note:
Enter note:
Enter note: You shoot an arrow.
The arrow closely misses the lemure.
The lemure hits you. The orc barely misses you. The lemure closely misses you.
Something hits you.
Deactivating autopickup; reactivate with Ctrl-A.
Autopickup is now on.
You shoot an arrow. The arrow closely misses the lemure.
The lemure misses you. The orc hits you with a +0 dagger.
You die...

########### #.........#
#.#######.# #.# #># #.#
#####.## ### #.#
#......#####.###########
#.###.###.......#..........#
#.).^......##@o..#.#######.#
#####.###..#55...#.# #.# #.#
#..##....#.# #.# #.#
#........#.# #.# #.#
#.###..###.# #.# ##.###.#
#..###.# #.#
#...##.###......# #.#
##.###.......#### ##.## ##.#
####.....## ##...#


You could see 2 lemures and an orc.

Vanquished Creatures
  6 adders
  3 worms (D:2)
  A dart slug (D:3)
  2 orcs (D:4)
  A bat (D:1)
  A giant cockroach (D:1)
  7 goblins
  3 hobgoblins
  6 jackals
  A ball python (D:2)
  5 frilled lizards
  A kobold (D:4)
  2 rats (D:2)
39 creatures vanquished.

Notes
Turn   | Place    | Note
-------+----------+-------------------------------------------
     0 | D:1      | qw the Deep Elf Hunter began the quest for the Orb.
     0 | D:1      | Reached XP level 1. HP: 12/12 MP: 3/3
     0 | D:1      | 0 ||| qw: Version: 0.3-a-9-g12657ce
     0 | D:1      | 0 ||| qw: Game counter: 1881
     0 | D:1      | 0 ||| qw: Always use a shield: true
     0 | D:1      | 0 ||| qw: God list: Okawaru
     0 | D:1      | 0 ||| qw: Allow faded altars: false
     0 | D:1      | 0 ||| qw: Do Orc after D:15 true
     0 | D:1      | 0 ||| qw: Do second Lair branch before Depths: true
     0 | D:1      | 0 ||| qw: Lair rune preference: random
     0 | D:1      | 0 ||| qw: Plans: Normal
     0 | D:1      | 0 ||| PLANNING D:1-11
   197 | D:1      | Reached XP level 2. HP: 16/16 MP: 4/4
   199 | D:1      | Reached skill level 6 in Ranged Weapons
   608 | D:1      | 608 ||| UPGRADING to +0 cloak.
   613 | D:1      | 613 ||| UPGRADING to +0 ring mail.
   623 | D:1      | 623 ||| DROPPING +0 leather armour.
   624 | D:1      | 624 ||| READING scroll labelled LIOFYT ABYU.
   625 | D:1      | 625 ||| READING scroll labelled POSYFAG BISIBBI.
   626 | D:1      | 626 ||| DROPPING scroll of butterflies.
   671 | D:2      | Found a faded altar of an unknown god.
   671 | D:2      | Identified the +1 dagger of Massacring {heavy, Contam rC+
                  | rCorr}
   793 | D:2      | Reached XP level 3. HP: 18/20 MP: 5/5
   934 | D:2      | Reached skill level 7 in Ranged Weapons
  1158 | D:2      | 1158 ||| READING scroll labelled BORAOL BIMIVE.
  1159 | D:2      | 1159 ||| READING scroll labelled ONLUHY EDGHAR.
  1197 | D:2      | 1197 ||| READING 2 scrolls of identify.
  1197 | D:2      | 1197 ||| IDENTIFYING fuming purple potion
  1198 | D:2      | 1198 ||| DROPPING potion of lignification.
  1252 | D:3      | Reached XP level 4. HP: 25/25 MP: 6/6
  1379 | D:3      | Found a shimmering blue altar of Sif Muna.
  1379 | D:3      | Found a white marble altar of Elyvilon.
  1387 | D:3      | Found a hazy altar of Hepliaklqana.
  1389 | D:3      | Found a shadowy altar of Dithmenos.
  1391 | D:3      | Found a glowing silver altar of Zin.
  1810 | D:3      | Found a shimmering altar of Xom.
  2121 | D:3      | 2121 ||| DRINKING 3 cyan potions.
  2209 | D:4      | Noticed a lemure
  2211 | D:4      | Noticed a lemure
  2218 | D:4      | 2218 ||| STAIRDANCE
  2220 | D:3      | HP: 5/25 [lemure[Pikel] (4)]
  2220 | D:3      | HP: 2/25 [something (3)]
  2221 | D:3      | Slain by an orc

Levels and vault maps discovered:
D:1:      minmay_arrival_semitransparent, layout_loops_cross
D:2:      layout_basic, nicolae_ecumenical_pavilion
D:3:      layout_loops_corners, mainiacjoe_overflow_cross_hatched,
          chequers_temple_overflow_minitemple
D:4:      layout_gridville, lemuel_crystal_altar, temple_green, serial_shops,
          nicolae_shop_tiny_real_fake_doors, serial_rivers,
          chequers_serial_rivers_room_a, chequers_serial_rivers_micro_a,
          chequers_serial_rivers_micro_a, chequers_serial_rivers_micro_d,
          chequers_serial_rivers_micro_a, chequers_serial_rivers_room_b,
          uniq_pikel

Skill      XL: |  1  2  3 |
---------------+----------+-----
Ranged Weapons | 6 7 |  7.9
Fighting       | |  1.5
Dodging        | |  2.4
Stealth        | |  1.2

Action                     |  1- 3 |  4- 6 || total
---------------------------+-------+-------++-------
   Fire: Shortbow          |    78 |    29 ||   107
    Use: Scroll            |     5 |       ||     5
         Potion            |       |     1 ||     1
 Armour: Leather armour    |     8 |       ||     8
         Ring mail         |     6 |     7 ||    13
  Dodge: Dodged            |    32 |    12 ||    44

Table legend:
 A = Non-vault XP
 B = Vault XP
 C = Vault XP percentage of total XP
 D = Non-vault monster count
 E = Vault monster count
 F = Vault count percentage of total count
                 A         B        C        D         E       F
            +---------+---------+-------+---------+---------+-------
      Total |     147 |       0 |   0.0 |      39 |       0 |   0.0
            +---------+---------+-------+---------+---------+-------
        D:1 |      22 |       0 |   0.0 |      13 |       0 |   0.0
        D:2 |      63 |       0 |   0.0 |      12 |       0 |   0.0
        D:3 |      51 |       0 |   0.0 |       9 |       0 |   0.0
        D:4 |      11 |       0 |   0.0 |       5 |       0 |   0.0
            +---------+---------+-------+---------+---------+-------
